 Dungeon Crawl Stone Soup version 0.23-a0-356-g1757c6e (webtiles) character file.

243012 laquiete the Bludgeoner (level 19, -25/121 HPs)
             Began as a Gargoyle Monk on Oct 22, 2018.
             Was the Champion of Kikubaaqudgha.
             Killed from afar by Xtahua (55 damage)
             ... with a searing blast
             ... on level 2 of the Vaults.
             The game lasted 01:47:57 (49802 turns).

laquiete the Bludgeoner (Gargoyle Monk)            Turns: 49802, Time: 01:47:57

Health: -25/121    AC: 22    Str: 19    XL:     19   Next: 40%
Magic:  0/19       EV: 17    Int: 21    God:    Kikubaaqudgha [******]
Gold:   1978       SH:  8    Dex: 12    Spells: 6/18 levels left

rFire    . . .     SeeInvis +   a - +9 morningstar (pain)
rCold    . . .     Gourm    .   k - +3 buckler
rNeg     + . .     Faith    .   w - +1 robe of Putufiho {Str+3 Slay+3}
rPois    ∞         Spirit   +   A - +2 hat {MR+}
rElec    +         Reflect  .   v - scarf {repulsion}
rCorr    .         Harm     .   i - +0 pair of gloves "Adubb" {Int+3}
MR       ++...                  u - +0 pair of boots
Stlth    ++++......             M - amulet of guardian spirit
HPRegen  0.30/turn              h - ring of wizardry
MPRegen  0.16/turn              Q - +3 ring of slaying

@: flying, hasted, repel missiles, very quick
A: antennae 1, big wings, see invisible, negative energy resistance 1,
electricity resistance, unbreathing, petrification resistance, rot immunity, AC
+14
}: 2/15 runes: decaying, gossamer
a: Stop Flying, Receive Corpses, Torment, Renounce Religion


You were on level 2 of the Vaults.
You worshipped Kikubaaqudgha.
Kikubaaqudgha was exalted by your worship.
You were not hungry.

You visited 7 branches of the dungeon, and saw 34 of its levels.
You also visited: Bailey.

You collected 3748 gold pieces.
You spent 1770 gold pieces at shops.

Inventory:

Hand Weapons
 a - a +9 morningstar of pain (weapon)
 b - a +5 hunting sling of flaming
Missiles
 G - 187 sling bullets
Armour
 i - the +0 pair of gloves "Adubb" (worn) {Int+3}
   (You acquired it on level 1 of the Lair of Beasts)

   It affects your intelligence (+3).
 k - a +3 buckler (worn)
 l - a +2 pair of gloves of archery
 u - a +0 pair of boots (worn)
 v - a scarf of repulsion (worn)
 w - the +1 robe of Putufiho (worn) {Str+3 Slay+3}
   (You bought it in a shop on level 9 of the Dungeon)

   It affects your strength (+3).
   It affects your accuracy and damage with ranged weapons and melee attacks
   (+3).
 A - a +2 hat of magic resistance (worn)
 E - the +6 scale mail of the Present {rF+ rC- MR+ Slay+3}
   (You found it on level 4 of the Swamp)

   It affects your accuracy and damage with ranged weapons and melee attacks
   (+3).
   It protects you from fire.
   It makes you vulnerable to cold.
   It affects your resistance to hostile enchantments.
Magical Staves
 z - an uncursed staff of death
 D - an uncursed staff of power
Jewellery
 f - an uncursed ring of protection from magic
 h - a ring of wizardry (left hand)
 m - the ring of Waqeivve {Ice Dex+4}
   (You found it on level 3 of the Spider Nest)

   [ring of ice]

   It enhances your ice magic.
   It affects your dexterity (+4).
   It makes you vulnerable to fire.
   It protects you from cold.
 t - an uncursed ring of protection from cold
 x - a cursed -2 ring of protection
 M - an amulet of guardian spirit (around neck)
 P - the ring "Nieskeck" {*Slow rElec rC+++ MR+ Str+2}
   (You found it on level 6 of the Lair of Beasts)

   [ring of protection from magic]

   It affects your strength (+2).
   It renders you almost immune to cold.
   It insulates you from electricity.
   It affects your resistance to hostile enchantments.
   It may slow you when you take damage.
 Q - a +3 ring of slaying (right hand)
Wands
 p - a wand of digging (12)
 N - a wand of acid (13)
Scrolls
 e - 13 scrolls of remove curse
 j - 7 scrolls of teleportation
 n - 9 scrolls of magic mapping
 q - 8 scrolls of enchant armour
 s - 5 scrolls of amnesia
 F - 15 scrolls of identify
 R - a scroll of enchant weapon
 V - 3 scrolls of blinking
 W - 3 scrolls of fear
 X - a scroll of silence
 Y - a scroll of holy word
 Z - 3 scrolls of fog
Potions
 d - 4 potions of ambrosia
 g - 5 potions of brilliance
 o - 12 potions of curing
 r - 4 potions of flight
 B - 5 potions of magic
 C - 5 potions of mutation
 K - a potion of haste
 O - 3 potions of resistance
Comestibles
 c - 48 rations


   Skills:
 - Level 14.2 Fighting
 - Level 16.9 Maces & Flails
   Level 3.2 Polearms
 - Level 6.0 Armour
 - Level 9.6 Dodging
 - Level 9.6 Stealth
 - Level 4.2 Shields
 + Level 14.2 Summonings
 * Level 14.0 Necromancy


You had 6 spell levels left.
You knew the following spells:

 Your Spells              Type           Power        Failure   Level  Hunger
a - Dispel Undead         Necr           ######..     1%          5    ######.
b - Haunt                 Necr/Summ      ######....   19%         7    #######

Your spell library contained the following spells:

 Spells                   Type           Power        Failure   Level  Hunger
 Animate Skeleton         Necr           N/A          1%          1    ##.....
 Pain                     Necr           ####         1%          1    ##.....
 Call Imp                 Summ           ######..     1%          2    ###....
 Corpse Rot               Necr           N/A          1%          2    ###....
 Regeneration             Chrm/Necr      ####......   1%          3    ####...
 Vampiric Draining        Necr           ######....   1%          3    ####...
 Animate Dead             Necr           N/A          1%          4    #####..
 Agony                    Necr           ######..     1%          5    ######.
 Confusing Touch          Hex            #.....       8%          1    ##.....
 Flame Tongue             Conj/Fire      #....        8%          1    ##.....
 Infusion                 Chrm           #...         8%          1    ##.....
 Magic Dart               Conj           #...         8%          1    ##.....
 Blink                    Tloc           N/A          11%         2    ###....
 Searing Ray              Conj           #.....       11%         2    ###....
 Shroud of Golubria       Chrm/Tloc      #.........   11%         2    ###....
 Slow                     Hex            #.......     11%         2    ###....
 Song of Slaying          Chrm           #.......     11%         2    ###....
 Throw Flame              Conj/Fire      #.....       11%         2    ###....
 Summon Forest            Summ/Tloc      ####......   11%         5    ######.
 Excruciating Wounds      Chrm/Necr      ####......   12%         5    ######.
 Confuse                  Hex            #.......     21%         3    ####...
 Conjure Flame            Conj/Fire      #.......     21%         3    ####...
 Dazzling Spray           Conj/Hex       #.....       21%         3    ####...
 Gell's Gravitas          Tloc           #.........   21%         3    ####...
 Inner Flame              Hex/Fire       #.......     21%         3    ####...
 Mephitic Cloud           Conj/Pois/Air  #.......     21%         3    ####...
 Spectral Weapon          Hex/Chrm       #.......     21%         3    ####...
 Stone Arrow              Conj/Erth      #.....       21%         3    ####...
 Simulacrum               Ice/Necr       ####......   50%         6    #######
 Force Lance              Conj/Tloc      #.......     54%         4    #####..
 Fulminant Prism          Conj/Hex       #.........   54%         4    #####..
 Iskenderun's Mystic Bla  Conj           #.......     54%         4    #####..
 Leda's Liquefaction      Hex/Erth       #.........   54%         4    #####..
 Petrify                  Tmut/Erth      #.......     54%         4    #####..
 Sticky Flame             Conj/Fire      #.......     54%         4    #####..
 Fireball                 Conj/Fire      #.........   86%         5    ######.
 Metabolic Englaciation   Hex/Ice        #.........   86%         5    ######.
 Yara's Violent Unravell  Hex/Tmut       #.........   86%         5    ######.
 Hydra Form               Tmut           #.........   100%        6    #######
 Summon Hydra             Summ           ######....   17%         7    #######
 Borgnjor's Revivificati  Necr           ######....   80%         8    #######
 Infestation              Necr           ######....   80%         8    #######
 Death's Door             Chrm/Necr      ####......   100%        8    #######
 Necromutation            Tmut/Necr      ####......   100%        8    #######


Dungeon Overview and Level Annotations

Branches:
Dungeon (15/15)            Temple (1/1) D:7            Lair (6/6) D:9
  Swamp (4/4) Lair:2       Spider (4/4) Lair:2        Slime (0/5) Lair:6
    Orc (2/2) D:11            Elf (0/3) Orc:2        Vaults (2/5) D:13
 Depths (0/5) D:15
  Crypt: Vaults:2-3

Altars:
Cheibriados
Dithmenos
Elyvilon
Gozag
Hepliaklqana
Kikubaaqudgha
Makhleb
Ru
Trog
Uskayaw
Vehumet
Wu Jian
Yredelemnul
Beogh
Jiyva

Shops:
D:4 *[=(   D:6 ?   D:9 [   D:14 }   Orc:2 (}=:   Vaults:1 }

Portals:
Trove: Vaults:1 (give +3 gold dragon scales)

Annotations:
D:4 Jessica
D:6 2 transporters
D:13 2 runed doors, Sacrath's ghost, journeyman DDNe
Lair:4 1 runed door
Lair:5 3 runed doors, exclusion: oklob plant, Wuma's ghost, journeyman MfCK; Zimaveycw's ghost, journeyman OpFi
Vaults:2 Xtahua


Innate Abilities, Weirdness & Mutations

You are resistant to torment.
Your stone body is resilient. (AC +14)
You are immune to poison.
Your large and strong wings let you fly indefinitely.
You resist negative energy. (rN+)
You are resistant to electric shocks. (rElec)
You can survive without breathing.
You are immune to petrification.
You are immune to rotting.
You have a pair of small antennae on your head.
You have supernaturally acute eyesight. (SInv)


Message History

You hold your ground!
Xtahua roars, "FACE MY WRATH!"
Xtahua bites you!
* * * LOW HITPOINT WARNING * * *
Xtahua claws you.
* * * LOW HITPOINT WARNING * * *
Xtahua tramples you but does no damage. Xtahua roars overwhelmingly at you!
You easily resist.
You can move again.
Okay, then.
You feel yourself speed up. Xtahua bites you but does no damage.
Xtahua claws you but does no damage. Xtahua tramples you.
* * * LOW HITPOINT WARNING * * *
You hold your ground!
There is an open door here.
Xtahua breathes flames at you. The searing blast hits you!
You die...
Kikubaaqudgha rasps: "You have failed me!
Welcome... oblivion!"

..## ...
###########.. ###.
#........##.. ....
+......).##.# ≈≈≈≈.
#........#..# ≈≈≈≈.
#........#..#.≈≈≈≈.
#........##.#.≈≈≈≈.
#.....<@.##.....?..
#........##...####.
#........'D........
#........#..###..##
#........#### ###
#........#
##########


You could see Xtahua.

Vanquished Creatures
  Saint Roka (Vaults:1)
  Rupert (D:12)
  Jorgrun (Swamp:2)
  2 thorn hunters (Swamp:4)
  3 vault wardens (Vaults:1)
  A ghost moth (Spider:4)
  8 emperor scorpions
  3 ironheart preservers
  A stone giant (Vaults:1)
  2 entropy weavers
  A deep elf demonologist (D:15)
  A spark wasp (Spider:4)
  7 ogre magi
  3 yaktaur captains (Vaults:1)
  Harold (D:7)
  2 fire dragons (Vaults:1)
  21 hydras
  A ghost crab (Swamp:3)
  Fannar (Orc:1)
  A rakshasa (Vaults:1)
  6 vault guards (Vaults:1)
  6 centaur warriors
  A death knight (D:14)
  28 two-headed ogres
  11 death yaks
  5 alligators
  A queen ant (Lair:6)
  3 tengu warriors
  An orc high priest (Orc:1)
  A vampire mage (D:15)
  3 deep elf knights
  4 skeletal warriors
  5 deep trolls
  4 unseen horrors
  7 swamp dragons
  A deep elf archer (Vaults:1)
  A wizard (Vaults:1)
  A phantasmal warrior (D:14)
  2 ironbrand convokers (Vaults:1)
  A necromancer (D:15)
  5 orc knights
  A lindwurm (Lair:5)
  21 wolf spiders
  3 orc sorcerers
  4 deep elf magi
  15 ugly things
  3 manticores
  18 orb spiders
  9 cyclopes
  2 moths of wrath
  A guardian serpent (Lair:6)
  18 black mambas
  3 elephants (Lair:5)
  A stone giant skeleton (D:15)
  3 vault sentinels (Vaults:1)
  A fire giant skeleton (D:15)
  Psyche (D:10)
  Joseph (Lair:1)
  A torpor snail (Lair:4)
  2 gargoyles
  12 spiny frogs
  2 rime drakes
  A redback zombie (D:14)
  A yaktaur zombie (D:15)
  3 kobold demonologists
  An efreet (D:15)
  2 freezing wraiths
  8 demonic crawlers
  7 yaktaurs
  3 komodo dragons
  3 meliai (D:14)
  9 trolls
  A queen bee (D:8)
  35 jumping spiders
  Grinder (D:3)
  A harpy skeleton (D:15)
  9 tyrant leeches
  A queen bee (shapeshifter) (D:14)
  13 hornets
  9 bog bodies
  23 blink frogs
  23 slime creatures
  A fire dragon zombie (D:15)
  13 hippogriffs
  A meliai zombie (D:14)
  A frost giant simulacrum (Vaults:1)
  49 redbacks
  2 shadows
  7 wyverns
  2 spriggans
  2 water elementals
  3 wraiths
  28 tarantellas
  31 yaks
  2 basilisks
  2 hungry ghosts
  13 vampire mosquitoes
  A steam dragon (Lair:4)
  5 wargs
  11 insubstantial wisps
  20 swamp worms
  Duvessa (D:7)
  19 soldier ants
  An acid dragon (Vaults:1)
  18 water moccasins
  9 porcupines
  11 swamp drakes
  3 ice beasts
  30 orc warriors
  A black bear (D:4)
  6 sky beasts
  3 wolves (Lair:5)
  3 phantoms
  45 ogres
  12 centaurs
  3 boggarts
  11 crocodiles
  A big kobold (D:9)
  19 bullfrogs
  Dowan (D:7)
  2 wyvern skeletons (D:13)
  5 scorpions
  14 killer bees
  12 wights
  6 howler monkeys
  2 electric eels
  7 crimson imps
  A centaur zombie (D:8)
  A quasit (D:8)
  13 hounds
  6 jellies
  13 orc priests
  3 bullfrog skeletons
  10 centaur skeletons
  5 iguanas
  20 orc wizards
  38 worker ants
  A killer bee zombie (D:9)
  A hound skeleton (D:4)
  2 howler monkey zombies
  A howler monkey skeleton (D:5)
  14 gnolls
  9 adders
  4 shadow imps
  An ooze (D:3)
  An adder skeleton (D:4)
  2 adder zombies
  5 worms
  2 dart slugs
  5 leopard geckos
  71 orcs
  6 bats
  10 giant cockroaches
  13 goblins
  14 hobgoblins
  13 jackals
  27 kobolds
  4 quokkas
  A ball python (D:1)
  A frilled lizard (D:2)
  A jackal skeleton (D:4)
  A leopard gecko skeleton (D:4)
  4 rats
  A plant (Lair:6)
1199 creatures vanquished.

Vanquished Creatures (collateral kills)
  A slime creature (Vaults:1)
1 creature vanquished.

Vanquished Creatures (others)
  A hydra (Swamp:4)
  A spriggan druid (Swamp:4)
  A wizard (D:10)
  A wolf spider (Spider:3)
  A tarantella (Spider:3)
  An insubstantial wisp (Swamp:2)
  3 briar patches (Swamp:4)
  6 fungi
  8 plants
  9 withered plants
32 creatures vanquished.

Grand Total: 1232 creatures vanquished

Notes
Turn   | Place    | Note
-------+----------+-------------------------------------------
     0 | D:1      | laquiete the Gargoyle Monk began the quest for the Orb.
     0 | D:1      | Reached XP level 1. HP: 14/14 MP: 1/1
   152 | D:1      | Reached XP level 2. HP: 19/19 MP: 2/2
   250 | D:1      | Reached skill level 1 in Maces & Flails
   358 | D:1      | Reached XP level 3. HP: 17/23 MP: 3/3
  1064 | D:1      | Reached skill level 2 in Maces & Flails
  1737 | D:2      | Reached XP level 4. HP: 27/28 MP: 4/4
  1987 | D:2      | Reached skill level 3 in Maces & Flails
  2107 | D:2      | Found a hazy altar of Hepliaklqana.
  2157 | D:2      | Found a burning altar of Makhleb.
  2159 | D:2      | Noticed a cacodemon
  2163 | D:2      | Noticed an orange demon
  2163 | D:2      | Noticed a neqoxec
  2222 | D:3      | Noticed Grinder
  2266 | D:3      | Killed Grinder
  2266 | D:3      | Reached skill level 5 in Maces & Flails
  2266 | D:3      | Reached XP level 5. HP: 14/32 MP: 5/5
  2266 | D:3      | Reached XP level 6. HP: 16/37 MP: 6/6
  3039 | D:3      | Reached skill level 6 in Maces & Flails
  3231 | D:3      | Found a radiant altar of Vehumet.
  3559 | D:3      | Found a sacrificial altar of Ru.
  3653 | D:4      | Found Fuep's Assorted Antiques.
  3667 | D:4      | Found Miseutre's Antique Armour Emporium.
  4023 | D:4      | Reached XP level 7. HP: 29/41 MP: 7/7
  4156 | D:4      | Noticed Jessica
  4219 | D:4      | Found Bueqad's Jewellery Shoppe.
  4251 | D:4      | Reached skill level 7 in Maces & Flails
  4270 | D:4      | Found Ipuups's Antique Weapon Boutique.
  4379 | D:4      | Found an ornate altar of the Wu Jian Council.
  4382 | D:4      | Reached skill level 1 in Shields
  4816 | D:5      | Entered Level 5 of the Dungeon
  4869 | D:5      | Found a hide-covered altar of Uskayaw.
  4883 | D:5      | Got a brightly glowing dagger
  4884 | D:5      | Identified the +3 dagger of Pubiag {flame, Int+2 Dex+2 SInv
                  | Stlth+} (You found it on level 5 of the Dungeon)
  5357 | D:5      | Reached XP level 8. HP: 42/46 MP: 8/8
  5924 | D:5      | Found a bloodstained altar of Trog.
  5931 | D:5      | Found a snail-covered altar of Cheibriados.
  6013 | D:5      | Found a basalt altar of Yredelemnul.
  6013 | D:5      | Found an ancient bone altar of Kikubaaqudgha.
  6017 | D:5      | Found an opulent altar of Gozag.
  6134 | D:5      | Became a worshipper of Kikubaaqudgha
  6134 | D:5      | Reached * piety under Kikubaaqudgha
  6134 | D:5      | Identified Kikubaaqudgha's Disquisition on Stolen Souls
                  | (Kikubaaqudgha gifted it to you on level 5 of the Dungeon)
  6134 | D:5      | Received a gift from Kikubaaqudgha
  6134 | D:5      | Reached ** piety under Kikubaaqudgha
  6293 | D:6      | Reached skill level 8 in Maces & Flails
  6358 | D:6      | Found Lotziunk's Magic Scroll Shoppe.
  6374 | D:6      | Got a smoking flail
  6375 | D:6      | Identified the +3 flail "Jellybane" {drain, *Rage rF+
                  | Stlth+} (You found it on level 6 of the Dungeon)
  6428 | D:6      | Found a transporter.
  6579 | D:6      | Found an opulent altar of Gozag.
  6626 | D:6      | Reached skill level 9 in Maces & Flails
  6943 | D:6      | Found a transporter.
  7276 | D:7      | Noticed Harold
  7683 | D:7      | Reached XP level 9. HP: 51/51 MP: 9/9
  7746 | D:7      | Noticed Duvessa
  7748 | D:7      | Noticed Dowan
  7783 | D:7      | Killed Duvessa
  7791 | D:7      | Killed Dowan
  7825 | D:7      | Found a staircase to the Ecumenical Temple.
  7874 | D:7      | Reached skill level 10 in Maces & Flails
  7940 | D:7      | Found a flagged portal.
  7945 | Bailey   | Entered a bailey
  8267 | Bailey   | Reached *** piety under Kikubaaqudgha
  8267 | Bailey   | Identified Kikubaaqudgha's Grimoire of Dark Arts
                  | (Kikubaaqudgha gifted it to you in a bailey)
  8267 | Bailey   | Received a gift from Kikubaaqudgha
  8569 | Bailey   | Gained mutation: You have supernaturally acute eyesight.
                  | (SInv) [potion of mutation]
  8569 | Bailey   | Gained mutation: You have a pair of small antennae on your
                  | head. [potion of mutation]
  8619 | Temple   | Entered the Ecumenical Temple
  8643 | Temple   | Reached skill level 12 in Maces & Flails
  8643 | Temple   | Reached XP level 10. HP: 63/63 MP: 10/10
  9019 | D:7      | Learned a level 5 spell: Dispel Undead
  9229 | D:8      | Reached skill level 1 in Necromancy
  9636 | D:7      | Killed Harold
  9725 | D:8      | Reached XP level 11. HP: 68/68 MP: 11/11
 10139 | D:8      | Reached **** piety under Kikubaaqudgha
 10548 | D:9      | Found Teohin's Antique Armour Shop.
 10554 | D:9      | Bought a faintly humming robe for 199 gold pieces
 10559 | D:9      | Identified the +1 robe of Putufiho {Str+3 Slay+3} (You
                  | bought it in a shop on level 9 of the Dungeon)
 10563 | D:9      | Noticed a two-headed ogre
 10571 | D:9      | Killed a two-headed ogre
 11140 | D:9      | Noticed a two-headed ogre
 11438 | D:9      | Found a staircase to the Lair.
 11482 | D:9      | Found a shadowy altar of Dithmenos.
 11512 | D:9      | Noticed a two-headed ogre
 11571 | D:8      | Killed a two-headed ogre
 11571 | D:8      | Reached skill level 5 in Necromancy
 11855 | D:9      | Killed a two-headed ogre
 12216 | D:9      | Found a white marble altar of Elyvilon.
 12537 | D:10     | Entered Level 10 of the Dungeon
 12680 | D:10     | Noticed a manticore
 12691 | D:10     | Killed a manticore
 13121 | D:10     | Found a bloodstained altar of Trog.
 13126 | D:10     | Noticed a wizard
 13129 | D:10     | Killed a wizard
 13310 | D:11     | Noticed a seven-headed hydra
 13442 | Lair:1   | Entered Level 1 of the Lair of Beasts
 13658 | Lair:1   | Reached XP level 12. HP: 77/77 MP: 12/12
 13937 | Lair:1   | Noticed Joseph
 13955 | Lair:1   | Killed Joseph
 14334 | Lair:2   | Found a frozen archway.
 14354 | Lair:2   | Reached skill level 10 in Fighting
 14607 | Lair:2   | Found a hole to the Spider Nest.
 14674 | Lair:2   | Reached ***** piety under Kikubaaqudgha
 14879 | Lair:2   | Found a staircase to the Swamp.
 16791 | Lair:4   | Found a runed door.
 16945 | Lair:4   | Noticed a death yak
 17361 | D:11     | Killed a seven-headed hydra
 17361 | D:11     | Reached skill level 5 in Dodging
 17953 | D:11     | Reached XP level 13. HP: 84/84 MP: 13/13
 18205 | D:11     | Noticed Psyche
 18224 | D:10     | Killed Psyche
 18600 | D:11     | Found a staircase to the Orcish Mines.
 19329 | D:12     | Noticed Rupert
 19356 | D:12     | Paralysed by Rupert for 5 turns
 19508 | Lair:1   | Got a polished battleaxe
 19513 | Lair:1   | Identified the cursed +1 battleaxe "Aranwu" {drain, MR+
                  | Int+4} (You found it on level 1 of the Lair of Beasts)
 20959 | Lair:5   | Found a runed gate.
 20960 | Lair:5   | Found a runed gate.
 20961 | Lair:5   | Found a runed gate.
 20962 | Lair:5   | Noticed Zimaveycw's ghost (journeyman OpFi)
 20962 | Lair:5   | Noticed Wuma's ghost (journeyman MfCK)
 21379 | Lair:5   | Reached ****** piety under Kikubaaqudgha
 21845 | Lair:6   | Entered Level 6 of the Lair of Beasts
 22008 | Lair:6   | Gained mutation: Your large and strong wings let you fly
                  | indefinitely. [Gargoyle growth]
 22008 | Lair:6   | Reached XP level 14. HP: 57/92 MP: 7/14
 22646 | Lair:6   | Noticed an entropy weaver
 22951 | Orc:1    | Entered Level 1 of the Orcish Mines
 23560 | Orc:2    | Entered Level 2 of the Orcish Mines
 23934 | Orc:1    | Reached skill level 5 in Stealth
 25742 | Orc:2    | Found Hiokop's Book Shoppe.
 25742 | Orc:2    | Found Fuotasy's Gadget Shop.
 25743 | Orc:2    | Found Erisacha's Jewellery Shop.
 25743 | Orc:2    | Found Iquafees's Weapon Emporium.
 25801 | Orc:2    | Bought a +2 morningstar of protection for 302 gold pieces
 25802 | Orc:2    | Bought a Necronomicon for 1104 gold pieces
 26073 | D:5      | Identified a +4 morningstar of pain (a +2 morningstar of
                  | protection bloodied by Kikubaaqudgha)
 26073 | D:5      | Received a gift from Kikubaaqudgha
 26388 | Orc:2    | Found a roughly hewn altar of Beogh.
 26412 | Orc:2    | Found a staircase to the Elven Halls.
 26562 | Orc:2    | Reached skill level 13 in Maces & Flails
 26562 | Orc:2    | Reached XP level 15. HP: 85/100 MP: 12/15
 26717 | Orc:1    | Noticed Fannar
 26723 | Orc:1    | Killed Fannar
 26852 | D:12     | Killed Rupert
 27153 | D:12     | Got a faintly humming robe
 27154 | D:12     | Identified the cursed +0 robe "Kuomniju" {rF- rC- rCorr
                  | Str+4} (You found it on level 12 of the Dungeon)
 27673 | D:13     | Reached skill level 14 in Maces & Flails
 28007 | D:13     | Found a runed door.
 28011 | D:13     | Noticed an emperor scorpion
 28011 | D:13     | Noticed Sacrath's ghost (journeyman DDNe)
 28012 | D:13     | Noticed a lich
 28015 | D:13     | Found a runed door.
 28017 | D:13     | Noticed a storm dragon
 28017 | D:13     | an emperor scorpion changed into a storm dragon
 28019 | D:13     | a storm dragon changed into a minotaur
 29015 | Lair:6   | Got a wavering tin ring
 29017 | Lair:6   | Identified the ring "Nieskeck" {*Slow rElec rC+++ MR+
                  | Str+2} (You found it on level 6 of the Lair of Beasts)
 29370 | Lair:6   | Reached skill level 15 in Maces & Flails
 29457 | Lair:6   | Found a viscous altar of Jiyva.
 29459 | Lair:6   | Found a staircase to the Slime Pits.
 29496 | Lair:6   | Identified the cursed +1 robe of Fucle {MR- Str+3 Dex+6
                  | Slay+2}
 30732 | D:13     | Reached skill level 16 in Maces & Flails
 31099 | D:13     | Found a gate to the Vaults.
 31286 | D:14     | Found Ushups's Gadget Boutique.
 31435 | D:14     | Reached XP level 16. HP: 97/106 MP: 13/16
 31886 | D:14     | Learned a level 7 spell: Haunt
 31965 | D:14     | Reached skill level 1 in Summonings
 32186 | D:14     | HP: 2/106 [freezing wraith[a death knight] (16)]
 32484 | D:15     | Entered Level 15 of the Dungeon
 32652 | D:14     | Reached skill level 10 in Necromancy
 33312 | D:15     | Reached skill level 5 in Summonings
 34168 | D:15     | Found a staircase to the Depths.
 34432 | Swamp:1  | Entered Level 1 of the Swamp
 34960 | Swamp:2  | Noticed Jorgrun
 34979 | Swamp:2  | Killed Jorgrun
 35192 | Swamp:2  | Reached XP level 17. HP: 79/111 MP: 13/17
 35613 | Swamp:2  | Found a burning altar of Makhleb.
 36942 | Swamp:4  | Entered Level 4 of the Swamp
 36991 | Swamp:3  | HP: 4/111 [six-headed hydra (7)]
 38620 | Swamp:3  | Reached skill level 10 in Summonings
 38947 | Swamp:4  | Got an encrusted scale mail
 39055 | Swamp:4  | Got a decaying rune of Zot
 39495 | Lair:1   | Identified the +6 scale mail of the Present {rF+ rC- MR+
                  | Slay+3} (You found it on level 4 of the Swamp)
 39765 | D:4      | Bought a pair of glowing boots for 165 gold pieces
 39951 | Spider:1 | Entered Level 1 of the Spider Nest
 41229 | Spider:2 | Got a bronze ring mail
 41441 | Spider:2 | Identified the cursed +0 ring mail of Noughts and Crosses
                  | {rF+ Dex-4 Slay+5} (You found it on level 2 of the Spider
                  | Nest)
 41546 | Spider:3 | Reached XP level 18. HP: 90/116 MP: 14/18
 42624 | Spider:3 | Got a translucent bronze ring
 42626 | Spider:3 | Identified the ring of Waqeivve {Ice Dex+4} (You found it
                  | on level 3 of the Spider Nest)
 43017 | Spider:4 | Entered Level 4 of the Spider Nest
 45461 | Spider:4 | Got a gossamer rune of Zot
 45723 | Lair:1   | Identified a scroll of acquirement
 45726 | Lair:1   | Got a pair of warped gloves
 45737 | Lair:1   | Identified the +0 pair of gloves "Adubb" {Int+3} (You
                  | acquired it on level 1 of the Lair of Beasts)
 45909 | Vaults:1 | Entered Level 1 of the Vaults
 46686 | Vaults:1 | Found a portal to a secret trove of treasure.
 46778 | Vaults:1 | Found Utukiph's Gadget Shop.
 47097 | Vaults:1 | Reached XP level 19. HP: 109/121 MP: 19/19
 47289 | Vaults:1 | Noticed Saint Roka
 47846 | Vaults:1 | Killed Saint Roka
 49789 | Vaults:2 | Noticed Xtahua
 49794 | Vaults:2 | Paralysed by Xtahua for 5 turns
 49802 | Vaults:2 | Killed from afar by Xtahua

Vault maps used:
D:1:      dpeg_arrival_arbitrary_c
D:2:      overflow_temple_1_default, makhleb_altar_promises_db
D:3:      fiery_altar_vehumet, nicolae_ru_the_path_less_chosen,
          chequers_serial_rivers_small_a, hangedman_abyss_or_decor_stabs,
          uniq_grinder
D:4:      nicolae_overflow_hidden_temple, tgw_sif, serial_shops, shop,
          nicolae_shop_waterfront, nicolae_shop_overgrown_old_shop, shop,
          wad_rectangle_vault
D:5:      minmay_diamond_boxcup, minitemple, eat_drink_and_be_merry_uskayaw,
          first_ration
D:6:      gammafunk_steamed_eel, serial_shops, kennysheep_mini_moat,
          grunt_gozag_breadcrumbs
D:7:      minmay_temple_entry_statues, enter_bailey_3, uniq_duvessa, uniq_harold
D:8:      david_nohive_1
D:9:      lemuel_doored_altar, elyvilon_altar_3, serial_shops, shop,
          roderic_serpentine_path
D:10:     serial_glass, glass_columns_c, glass_columns_a, trog_wizard
D:11:     erik_orc_2, uniq_psyche
D:12:     minmay_misc_feat_iff, uniq_rupert
D:13:     hangedman_vaults_entry_quadrant_bands, muffindrake_ghost_dual_entry
D:14:     hangedman_abyss_or_decor_passed, serial_shops, shop_fountains,
          st_stairs_6
D:15:     gammafunk_depths_entry_grave, minmay_misc_feat_hallway,
          hangedman_decor_growths, grunt_tough_drop
Temple:   jpeg_temple_island
Lair:1:   st_stairs_7, uniq_joseph
Lair:2:   swamp_mist, nicolae_spider_entry_non_spiders,
          portal_ice_cave_entry_pillars_2, grunt_megastairs_2,
          lemuel_fruit_fields
Lair:3:   grunt_megastairs_4
Lair:4:   gammafunk_mikee_crab_dinner, serial_bayou_shore_b
Lair:5:   gammafunk_ghost_cemetery, st_stairs_9, minmay_lair_oklob_chamber,
          infiniplex_staircase_pool_2
Lair:6:   hangedman_lair_tendril_chambers, slime_altar_1, zaba_anthell
Swamp:1:  evilmike_swamp_ruin_house_5, swamp_pool4
Swamp:2:  lemuel_altar_in_water, swamp_pool1, infiniplex_staircase_pool,
          uniq_jorgrun
Swamp:3:  nicolae_swamp_round_clearing
Swamp:4:  swamp_alternative
Spider:4: grunt_spider_rune_circles, spiders_nest_hornet_nest
Orc:1:    nicolae_orc_flooded_monolith, uniq_fannar
Orc:2:    st_orc_ogre_mass, nicolae_orc_rockfall, minmay_orc_temple_a
Vaults:1: hangedman_vaults_impose, hangedman_vaults_corner_blocks, v_rooms_3,
          nicolae_vaults_diagonal_hallway_7, vaults_dpeg_doors, v_misc_27,
          nicolae_vaults_yaktaur_gun_rack, nicolae_vaults_big_angled_halls,
          v_alt_pattern_2, v_misc_18, vaults_dpeg_hooks, v_misc_3,
          nicolae_vaults_little_squares_5, st_more_cells, enter_trove_5,
          serial_shops, nicolae_shop_trees, uniq_saint_roka
Vaults:2: nicolae_vaults_specimen_jars, nicolae_vaults_diagonal_hallway_8,
          v_misc_9, nicolae_vaults_little_squares_4, v_misc_11,
          nicolae_vaults_asterisk, v_misc_12, v_misc_22,
          vaults_room_ringed_pool, ontoclasm_vaults_bender,
          hangedman_vaults_nails, dpeg_vaults_monster_box, serial_glass,
          serial_shops, shop_fountains, uniq_xtahua
Bailey:   bailey_axe_2, bailey

Skill      XL: |  1  2  3  4  5  6  7  8  9 10 11 12 13 14 15 16 17 18 19 |
---------------+----------------------------------------------------------+-----
Polearms       | 3 |  3.2
Maces & Flails | 1 2 5 6 7 9 12 13 16 | 16.9
Shields        | 3 4 |  4.2
Dodging        | 3 4 5 9 |  9.6
Fighting       | 7 9 11 12 14 | 14.2
Armour         | 6 |  6.0
Necromancy     | 2 6 9 10 11 13 14 | 14.0
Stealth        | 9 |  9.6
Summonings     | 7 11 13 14 | 14.2

Action                   |  1- 3 |  4- 6 |  7- 9 | 10-12 | 13-15 | 16-18 | 19-21 || total
-------------------------+-------+-------+-------+-------+-------+-------+-------++-------
Melee: Spear             |    25 |       |       |       |       |       |       ||    25
       Whip              |    87 |   155 |   388 |   958 |  1038 |       |       ||  2626
       Flail             |       |       |    54 |    50 |    78 |       |       ||   182
       Morningstar       |       |       |       |       |   474 |  1523 |   190 ||  2187
 Fire: Hunting sling     |       |       |       |    25 |    29 |     4 |       ||    58
Throw: Javelin           |       |       |     7 |     3 |       |       |       ||    10
 Cast: Dispel Undead     |       |       |       |       |     2 |     3 |       ||     5
       Haunt             |       |       |       |       |       |     1 |     1 ||     2
Invok: Receive Corpses   |       |       |       |       |     1 |       |       ||     1
       Brand Weapon With |       |       |       |       |     1 |       |       ||     1
 Abil: Fly               |       |       |       |       |     1 |       |       ||     1
Evoke: Wand              |       |       |     3 |       |     2 |     1 |       ||     6
  Use: Scroll            |       |     4 |    14 |     5 |     9 |     9 |       ||    41
       Potion            |       |     1 |     8 |     7 |       |     4 |     3 ||    23
 Stab: Sleeping          |     6 |     6 |     7 |     7 |     6 |    14 |     2 ||    48
       Distracted        |       |     1 |     1 |     1 |     5 |     5 |     1 ||    14
       Invisible         |       |       |       |     2 |       |       |       ||     2
       Fleeing           |       |       |       |       |       |     1 |       ||     1
  Eat: Chunk             |     3 |     7 |    14 |    30 |    36 |    27 |     7 ||   124
       Ration            |       |       |       |       |     3 |     8 |     1 ||    12
Armor: Robe              |    46 |    29 |    84 |   136 |   370 |   454 |    49 ||  1168
       Skin              |       |       |       |    82 |       |       |       ||    82
       Scale mail        |       |       |       |       |       |   446 |       ||   446
Dodge: Dodged            |    80 |    71 |   204 |   378 |   782 |  1090 |    64 ||  2669
       Deflected         |       |       |       |       |       |     1 |     9 ||    10
Block: Buckler           |       |       |    89 |   136 |   385 |   566 |    55 ||  1231

Table legend:
 A = Non-vault XP
 B = Vault XP
 C = Vault XP percentage of total XP
 D = Non-vault monster count
 E = Vault monster count
 F = Vault count percentage of total count
                 A         B        C        D         E       F
            +---------+---------+-------+---------+---------+-------
      Total |  212233 |  134352 |  38.8 |     830 |     373 |  31.0
            +---------+---------+-------+---------+---------+-------
        D:1 |      46 |       0 |   0.0 |      19 |       0 |   0.0
        D:2 |      55 |       0 |   0.0 |      25 |       0 |   0.0
        D:3 |     132 |     286 |  68.4 |      20 |       1 |   4.8
        D:4 |     453 |      45 |   9.0 |      16 |       4 |  20.0
        D:5 |     366 |      91 |  19.9 |      16 |       4 |  20.0
        D:6 |     698 |       0 |   0.0 |      14 |       0 |   0.0
        D:7 |    1259 |    1347 |  51.7 |      19 |       8 |  29.6
        D:8 |    2495 |    1041 |  29.4 |      29 |      13 |  31.0
        D:9 |    3166 |       0 |   0.0 |      30 |       0 |   0.0
       D:10 |    1677 |     500 |  23.0 |      13 |       2 |  13.3
       D:11 |    5454 |    1689 |  23.6 |      27 |      22 |  44.9
       D:12 |    2720 |    3203 |  54.1 |      13 |       1 |   7.1
       D:13 |   11888 |    5596 |  32.0 |      40 |      18 |  31.0
       D:14 |   24522 |    1230 |   4.8 |      71 |       2 |   2.7
       D:15 |   10855 |    7113 |  39.6 |      36 |      14 |  28.0
     Lair:1 |    2696 |     515 |  16.0 |      14 |       2 |  12.5
     Lair:2 |    2496 |     183 |   6.8 |       9 |       8 |  47.1
     Lair:3 |    5193 |     556 |   9.7 |      21 |       2 |   8.7
     Lair:4 |    5294 |     196 |   3.6 |      22 |       1 |   4.3
     Lair:5 |   10510 |     883 |   7.8 |      26 |       4 |  13.3
     Lair:6 |   10333 |   15549 |  60.1 |      23 |      74 |  76.3
    Swamp:1 |    4013 |       0 |   0.0 |      16 |       0 |   0.0
    Swamp:2 |    9302 |    2735 |  22.7 |      24 |       1 |   4.0
    Swamp:3 |   10776 |    7705 |  41.7 |      33 |      10 |  23.3
    Swamp:4 |    7410 |   11880 |  61.6 |      23 |      16 |  41.0
   Spider:1 |    9754 |       0 |   0.0 |      32 |       0 |   0.0
   Spider:2 |    7759 |       0 |   0.0 |      25 |       0 |   0.0
   Spider:3 |   16656 |    6729 |  28.8 |      41 |      10 |  19.6
   Spider:4 |   11208 |   18081 |  61.7 |      30 |      40 |  57.1
      Orc:1 |    6937 |    4802 |  40.9 |      44 |       8 |  15.4
      Orc:2 |    1727 |   15282 |  89.8 |      12 |      40 |  76.9
   Vaults:1 |   23292 |   26763 |  53.5 |      43 |      34 |  44.2
   Vaults:2 |    1091 |       0 |   0.0 |       4 |       0 |   0.0
     Bailey |       0 |     352 | 100.0 |       0 |      34 | 100.0
            +---------+---------+-------+---------+---------+-------
